 Dungeon Crawl Stone Soup version 0.24.0-13-gcf9b319 (webtiles) character file.

Game seed: 13577121250448160345, levelgen mode: deterministic

459 Bronimir the Gusty (level 7, -1/38 HPs)
             Began as a Tengu Air Elementalist on Apr 20, 2020.
             Slain by a gnoll
             ... wielding a +0 halberd
              (12 damage)
             ... on level 4 of the Dungeon.
             The game lasted 00:11:31 (5731 turns).

Bronimir the Gusty (Tengu Air Elementalist)         Turns: 5731, Time: 00:11:31

Health: -1/38      AC:  5    Str:  9    XL:     7   Next: 6%
Magic:  4/12       EV: 11    Int: 17    God:
Gold:   141        SH:  0    Dex: 14    Spells: 1/11 levels left

rFire    . . .     SeeInvis .   a - +0 quarterstaff
rCold    . . .     Gourm    .   (shield currently unavailable)
rNeg     . . .     Faith    .   y - +0 ring mail
rPois    .         Spirit   .   (helmet restricted)
rElec    .         Reflect  .   (no cloak)
rCorr    .         Harm     .   (no gloves)
MR       .....                  (boots unavailable)
Stlth    +.........             (no amulet)
HPRegen  0.12/turn              f - ring of wizardry
MPRegen  0.13/turn              (no ring)

@: very slightly contaminated, lightly drained
A: beak, talons 3, able to fly
a: Fly


You were on level 4 of the Dungeon.
You were very hungry.

You visited 1 branch of the dungeon, and saw 4 of its levels.

You collected 141 gold pieces.

Inventory:

Hand Weapons
 a - a +0 quarterstaff (weapon)
 b - a +0 hunting sling
 w - a +0 whip
Missiles
 h - 38 arrows
 l - 12 bolts
 o - 89 stones
 p - 16 sling bullets
 B - 16 poisoned darts (quivered)
Armour
 j - a +0 robe
 n - a +0 leather armour
 t - a +0 helmet
 x - a +0 shield
 y - a +0 ring mail (worn)
Jewellery
 f - a ring of wizardry (left hand)
 i - an uncursed ring of flight
Wands
 v - a wand of random effects (18)
 A - a wand of flame (3)
Scrolls
 e - 2 scrolls of magic mapping
 k - 2 scrolls of identify
 q - a scroll of fog {unknown}
Potions
 z - 2 potions of flight {unknown}
Comestibles
 c - 4 rations


   Skills:
 + Level 1.4 Fighting
 + Level 1.0(1.4) Maces & Flails
 + Level 1.6(1.7) Staves
 + Level 1.7(1.6) Slings
 * Level 3.1 Armour
 * Level 3.0(2.9) Dodging
 - Level 2.0(1.9) Stealth
 * Level 2.8 Spellcasting
 * Level 3.5 Conjurations
 * Level 5.8 Air Magic
 + Level 0.3(0.2) Evocations


You had one spell level left.
You knew the following spells:

 Your Spells              Type           Power        Failure   Level  Hunger
a - Shock                 Conj/Air       ###.         2%          1    #......
b - Swiftness             Chrm/Air       ##......     9%          2    ##.....
c - Static Discharge      Conj/Air       ###.....     9%          3    ###....
d - Airstrike             Air            ###.......   16%         4    #####..

Your spell library contained the following spells:

 Spells                   Type           Power        Failure   Level  Hunger
 Lightning Bolt           Conj/Air       ###.......   56%         5    ######.


Dungeon Overview and Level Annotations

Branches:
Dungeon (4/15)
 Temple: D:4-7

Altars:
Okawaru
Uskayaw
Wu Jian
Xom

Annotations:
D:4 Grinder, Ijyb


Innate Abilities, Weirdness & Mutations

You have a beak for a mouth.
You have claws for feet.
You can fly continuously.


Message History

a +0 leather armour; a +0 mace of draining
Things that are here:
a +0 hand axe; a +0 scale mail
Things that are here:
7 stones; a +0 spear; a gnoll corpse You are feeling very hungry.
The gnoll hits you from afar with a +0 halberd!
Casting: Shock (safe; 2% risk of failure)
Confirm with . or Enter, or press ? or * to list all spells.
You don't have enough magic to cast that spell.
Unknown command.
The gnoll hits you with a +0 halberd!
Things that are here:
a +0 hand axe; a +0 scale mail The gnoll hits you from afar with a +0 halberd!
* * * LOW HITPOINT WARNING * * *
There is a stone staircase leading up, spattered with blood here.
You see here 4 stones.
The gnoll hits you from afar with a +0 halberd!
You die...

. ........# . ...
.......##.. # ....
.......... . #
.... ....... .. #
#..###)..# ..# .
##......# ...# ..
#.......# ....#
...#.....[[#$.....
#
.......(.)@...(.#
#
...#......)....##
# # #....g......#
# ...........##..#
##
....$.........##
.# ....#....$#..##
## .#.......$..##
#..#.⌠.⌠.#.# #
...........#


You could see a gnoll.

Vanquished Creatures
  Sigmund (D:2)
  A scorpion (D:3)
  A howler monkey (D:4)
  Natasha (D:3)
  A hound skeleton (D:4)
  3 gnolls
  A howler monkey skeleton (D:4)
  6 adders
  5 dart slugs
  A leopard gecko (D:1)
  4 orcs (D:4)
  2 giant cockroaches
  8 goblins
  8 hobgoblins
  11 jackals
  3 quokkas
  5 bats
  3 frilled lizards
  4 kobolds
  5 rats
74 creatures vanquished.

Notes
Turn   | Place    | Note
-------+----------+-------------------------------------------
     0 | D:1      | Bronimir the Tengu Air Elementalist began the quest for the
                  | Orb.
     0 | D:1      | Reached XP level 1. HP: 10/10 MP: 4/4
    59 | D:1      | Reached skill level 1 in Armour
    64 | D:1      | Reached XP level 2. HP: 2/15 MP: 0/6
   408 | D:1      | Learned a level 2 spell: Swiftness
   594 | D:1      | Reached XP level 3. HP: 20/20 MP: 1/7
  1400 | D:2      | Reached skill level 5 in Air Magic
  1428 | D:2      | Noticed a +0 dagger
  1428 | D:2      | Noticed Sigmund
  1433 | D:2      | Found a hide-covered altar of Uskayaw.
  1436 | D:2      | Noticed a +0 hand axe
  1471 | D:2      | Learned a level 3 spell: Static Discharge
  1867 | D:2      | Reached skill level 1 in Maces & Flails
  1937 | D:2      | Reached XP level 4. HP: 24/24 MP: 8/8
  1954 | D:2      | Found a shimmering altar of Xom.
  1958 | D:2      | Reached skill level 1 in Fighting
  3071 | D:3      | Found an iron altar of Okawaru.
  3302 | D:3      | Found an ornate altar of the Wu Jian Council.
  3417 | D:3      | Gained mutation: You can fly continuously. [Tengu growth]
  3417 | D:3      | Reached XP level 5. HP: 24/29 MP: 2/9
  3553 | D:4      | Reached skill level 1 in Staves
  3561 | D:4      | Noticed Grinder
  4430 | D:2      | Killed Sigmund
  4430 | D:2      | Reached skill level 1 in Slings
  4430 | D:2      | Reached XP level 6. HP: 27/34 MP: 9/11
  4678 | D:4      | Noticed Natasha
  4912 | D:3      | HP: 1/34 [Natasha (5)]
  4915 | D:3      | Killed Natasha
  5391 | D:3      | Learned a level 4 spell: Airstrike
  5552 | D:4      | Reached XP level 7. HP: 30/38 MP: 12/12
  5555 | D:4      | Noticed Ijyb
  5731 | D:4      | Slain by a gnoll

Levels and vault maps discovered:
D:1:      dpeg_arrival_fog, layout_rooms
D:2:      layout_basic, dancing_weapons_uskayaw, xom_butterflies, first_ration,
          uniq_sigmund
D:3:      layout_basic, lemuel_crystal_altar, nicolae_overflow_hidden_temple
D:4:      layout_cave_pools, elyvilon_altar_5, serial_shops, shop,
          grunt_gozag_breadcrumbs, uniq_ijyb, uniq_grinder, uniq_natasha

Skill      XL: |  1  2  3  4  5  6  7 |
---------------+----------------------+-----
Armour         | 1 2 3 |  3.1
Air Magic      | 5 |  5.8
Conjurations   | 2 3 |  3.5
Maces & Flails | 1 |  1.0
Fighting       | 1 |  1.4
Staves         | 1 |  1.6
Slings         | 1 |  1.7
Dodging        | 3 |  3.0
Stealth        | |  2.0
Spellcasting   | |  2.8
Evocations     | |  0.3

Action                   |  1- 3 |  4- 6 |  7- 9 || total
-------------------------+-------+-------+-------++-------
Melee: Unarmed           |    16 |       |       ||    16
       Kick              |    10 |     6 |       ||    16
       Whip              |    16 |     3 |       ||    19
       Peck              |     2 |     7 |       ||     9
       Quarterstaff      |       |    59 |       ||    59
 Fire: Hunting sling     |       |    19 |       ||    19
 Cast: Shock             |    67 |    14 |     2 ||    83
       Static Discharge  |     3 |    18 |       ||    21
       Swiftness         |     1 |       |       ||     1
       Airstrike         |       |       |     3 ||     3
Evoke: Wand              |       |     8 |       ||     8
  Use: Scroll            |       |     6 |       ||     6
       Potion            |       |     4 |       ||     4
 Stab: Sleeping          |     1 |     3 |       ||     4
  Eat: Chunk             |     5 |     7 |       ||    12
       Ration            |       |     2 |       ||     2
Armor: Robe              |     6 |       |       ||     6
       Leather armour    |     4 |    18 |       ||    22
       Ring mail         |       |    11 |     1 ||    12
Dodge: Dodged            |    30 |    78 |    10 ||   118
